[Event "*** SCC Grand Prix: Titled Tuesday Blitz"]
[Site "Chess.com"]
[Date "2020.06.23"]
[Round "2"]
[White "2nd_life"]
[Black "Novoselski"]
[Result "0-1"]
[WhiteElo "2452"]
[BlackElo "2290"]
[TimeControl "180+1"]
[EndTime "10:19:14 PDT"]
[Termination "Novoselski won by checkmate"]

1. e4 e5 2. f4 d5 3. exd5 e4 4. d3 Nf6 5. dxe4 Nxe4 6. Nf3 Bc5 7. Qe2 Qe7 8. Nc3 Nxc3 9. Qxe7+ Bxe7 10. bxc3 O-O 11.
Be3 Bg4 12. Kf2 Bxf3 13. Kxf3 Nd7 14. Bd3 Bc5 15. Bd4 Bxd4 16. cxd4 Nf6 17. c4 Rfd8 18.
Rab1 b6 19. Rhd1 Rac8 20. Bf5 Rb8 21. g4 h6 22. h4 Kf8 23. g5 Ng8 24. Bc2 hxg5 25. hxg5 Rd6 26. Bb3 Rbd8 27. Re1 Ne7 28. Rh1 g6 29. Rh8+ Kg7 30. Rxd8 Rxd8 31. Bc2 c6 32. Re1 Kf8 33. Rh1 Kg7 34. Bb3 cxd5 35. cxd5 Nf5 36. Rd1 Rc8 37. Rd3 Kf8 38. Ba4 Ke7 39. Bc6 Kd6 40. Ra3 a5 41. Ke4 Rh8 42. Rb3 Kc7 43. Bb5 Kd6 44. Rc3 Rh1 45. Rc6+ Ke7 46.
Rxb6 Re1+ 47. Kd3 Re3+ 48. Kc4 Nd6+ 49. Kc5 Rc3+ 50. Bc4 Rxc4# 0-1

[Event "*** SCC Grand Prix: Titled Tuesday Blitz"]
[Site "Chess.com"]
[Date "2020.06.23"]
[Round "2"]
[White "SavelievAlexei"]
[Black "zala02"]
[Result "1-0"]
[WhiteElo "2414"]
[BlackElo "2169"]
[TimeControl "180+1"]
[EndTime "10:19:16 PDT"]
[Termination "SavelievAlexei won on time"]

1. e4 c5 2. Nf3 Nc6 3. Nc3 g6 4. d4 cxd4 5. Nxd4 Bg7 6. Be3 Nf6 7. Bc4 O-O 8. Bb3 Re8 9. f3 e6 10. f4 e5 11. fxe5 Nxe5 12. O-O Neg4 13. Qf3 Nxe3 14.
Qxe3 d5 15. e5 Ng4 16. Qf4 Nxe5 17. Bxd5 Be6 18. Nxe6 Rxe6 19. Bxe6 fxe6 20. Rae1 Qb6+ 21.
Kh1 Rf8 22. Qe4 Rf5 23. b3 Qc7 24. Na4 h6 25. c4 a6 26. c5 Kh7 27. b4 Qf7 28.
Rxf5 Qxf5 29. Qxf5 gxf5 30. Nb6 Kg6 31. a3 Kf7 32.
Rd1 Ke7 33. Rd6 Nf7 34. Rd2 Ne5 35. Na4 Bf6 36. Rd6 Bg5 37. Rb6 Bc1 38. Rxb7+ Kf6 39. Rb6 Bxa3 40. c6 Nxc6 41. Rxc6 Bxb4 42. Rxa6 Ke5 43. Rb6 Bd6 44. Rb5+ Kd4 45. Rb6 Kd5 46. Ra6 e5 47. Nb6+ Kd4 48. Nd7 1-0

[Event "*** SCC Grand Prix: Titled Tuesday Blitz"]
[Site "Chess.com"]
[Date "2020.06.23"]
[Round "2"]
[White "GoltsevDmitry2000"]
[Black "checkmatequen"]
[Result "1-0"]
[WhiteElo "2632"]
[BlackElo "2249"]
[TimeControl "180+1"]
[EndTime "10:19:17 PDT"]
[Termination "GoltsevDmitry2000 won on time"]

1. e4 c5 2. Nf3 e6 3. d4 cxd4 4.
Nxd4 a6 5. Nc3 Qc7 6. Be2 Nf6 7. a3 Nc6 8. Be3 b5 9. O-O Bb7 10. f4 d6 11. Bf3 Be7 12. Qe2 O-O 13. Rfd1 Rac8 14.
Qf2 Na5 15. Nxe6 fxe6 16. Bb6 Qc4 17. Bxa5 Nxe4 18. Bxe4 Bxe4 19. Rd4 Qc6 20. Rxe4 d5 21. Bb4 dxe4 22. Bxe7 Rf7 23. Bh4 e5 24. f5 Rcf8 25. Rf1 Rxf5 26. Qxf5 Rxf5 27. Rxf5 Qd6 28. h3 e3 29. Bg3 Qg6 30. Rf3 Qxc2 31. Rxe3 Qc1+ 32. Re1 Qxb2 33. Bxe5 Qxa3 34. Kh2 b4 35. Nd5 b3 36. Re2 Qc5 37. Nf4 a5 38. Bb2 a4 39. Re8+ Kf7 40.
Ra8 Qc4 41. Ra7+ Ke8 42. Nh5 Qc2 43. Nxg7+ Kd8 44. Ne6+ Ke8 45. Bf6 1-0

[Event "*** SCC Grand Prix: Titled Tuesday Blitz"]
[Site "Chess.com"]
[Date "2020.06.23"]
[Round "2"]
[White "LuckIsMySkill"]
[Black "ElviraBerend"]
[Result "1-0"]
[WhiteElo "2715"]
[BlackElo "2484"]
[TimeControl "180+1"]
[EndTime "10:19:18 PDT"]
[Termination "LuckIsMySkill won on time"]

1. Nf3 Nf6 2. c4 g6 3. g3 Bg7 4.
Bg2 O-O 5. O-O d6 6. Nc3 Nc6 7. Rb1 e5 8. d3 Nd4 9. e3 Nxf3+ 10. Bxf3 c6 11. b4 a6 12. a4 d5 13. b5 axb5 14. axb5 Be6 15. bxc6 bxc6 16. cxd5 cxd5 17.
d4 exd4 18. exd4 Bf5 19. Rb5 Be4 20. Bg5 h6 21. Bxf6 Qxf6 22. Nxe4 dxe4 23. Bxe4 Rae8 24. Bd5 Qxd4 25. Qb3 Re7 26. Rb7 Rxb7 27. Qxb7 Qc5 28. Re1 Bd4 29. Re7 Bxf2+ 30. Kg2 Qb6 31. Bxf7+ Kh8 32.
Qxb6 Bxb6 33. Bxg6 Rf6 34. Bd3 Rd6 35. Re8+ Kg7 36.
Be2 Kf7 37. Re4 Kf6 38. Rf4+ Kg7 39. Kh3 Rf6 40. Rg4+ Rg6 41. Rc4 Rd6 42. Bf3 Bd4 43.
Rc7+ Kf6 44. Be4 Ke5 45. Bc2 Be3 46. Re7+ Re6 47. Rd7 1-0

[Event "*** SCC Grand Prix: Titled Tuesday Blitz"]
[Site "Chess.com"]
[Date "2020.06.23"]
[Round "2"]
[White "smshk35"]
[Black "deep306"]
[Result "1/2-1/2"]
[WhiteElo "2362"]
[BlackElo "2643"]
[TimeControl "180+1"]
[EndTime "10:19:18 PDT"]
[Termination "Game drawn - insufficient material"]

1. e4 e6 2. d4 d5 3. Nd2 Nf6 4. e5 Nfd7 5. Bd3 c5 6. c3 b6 7. Ngf3 Ba6 8. Bxa6 Nxa6 9. O-O Nc7 10. a3 Be7 11. b4 c4 12. Ne1 a5 13. Bb2 h5 14. f4 g6 15. Nef3 axb4 16. axb4 b5 17.
Ng5 Nb6 18. Ndf3 Na4 19. Qc2 Ra6 20. Bc1 Qa8 21. Nh4 Qa7 22. Nxf7 Kxf7 23. Qxg6+ Kf8 24. f5 Ne8 25. fxe6+ Bf6 26. Bh6+ Rxh6 27. Qxh6+ Qg7 28. Qxg7+ Kxg7 29. exf6+ Nxf6 30. Nf5+ Kf8 31. e7+ Ke8 32. Rae1 Ne4 33. Rf4 Naxc3 34. Rh4 Ne2+ 35. Kf1 Rf6 36. Rxh5 N2g3+ 37. hxg3 Nxg3+ 38. Kg1 Nxh5 39. g4 c3 40. Kf2 Ng7 41. Kg3 Nxf5+ 42. gxf5 Rxf5 43. Rc1 Kxe7 44. Rxc3 Kd6 45. Rc5 Rg5+ 46. Kf4 Rg1 47. Rxb5 Rf1+ 48. Ke3 Re1+ 49. Kd3 Rd1+ 50. Kc3 Rc1+ 51. Kd2 Rc4 52. Kd3 Rc1 53. Rb6+ Kc7 54. Rh6 Rb1 55. Kc3 Rc1+ 56. Kd2 Rc4 57. b5 Rxd4+ 58. Kc3 Rc4+ 59. Kd3 Rb4 60. b6+ Kb7 61.
Rd6 Rb3+ 62. Kd4 Rxb6 63. Rxb6+ Kxb6 64. Kxd5 1/2-1/2

[Event "*** SCC Grand Prix: Titled Tuesday Blitz"]
[Site "Chess.com"]
[Date "2020.06.23"]
[Round "2"]
[White "floplover"]
[Black "CarlssonLudvig"]
[Result "0-1"]
[WhiteElo "2219"]
[BlackElo "2448"]
[TimeControl "180+1"]
[EndTime "10:19:18 PDT"]
[Termination "CarlssonLudvig won on time"]

1. d4 Nf6 2. c4 g6 3. Nc3 d5 4. cxd5 Nxd5 5. e4 Nxc3 6. bxc3 Bg7 7. Be3 O-O 8. Rc1 Nc6 9. Nf3 b6 10. Be2 Bb7 11. O-O e5 12. d5 Ne7 13. c4 c5 14. a4 Nc8 15. Rb1 Nd6 16. Qc2 Re8 17.
a5 Ba6 18. Rb3 Qc7 19. Rfb1 bxa5 20. Nd2 f5 21. f3 Bf6 22. Ra3 Rab8 23. Nb3 fxe4 24. fxe4 Rb4 25. Rba1 Nxc4 26. Bxc4 Rxc4 27.
Qd2 Rxe4 28. Nxc5 Rxe3 29. Qxe3 Bc8 30. Rxa5 e4 31. Rxa7 Qe5 32. Rd1 Bd8 33. d6 Bb6 34. d7 Bxd7 35. Raxd7 Bxc5 36. R1d4 Rf8 37. h3 Bxd4 38.
Rxd4 Re8 39. Qf2 Re7 40. Qe3 Kg7 41. g3 Qf6 42. Kg2 Qf5 43. Rc4 Rf7 44. Rxe4 Qf1+ 45. Kh2 Rf2+ 46. Qxf2 Qxf2+ 0-1

[Event "*** SCC Grand Prix: Titled Tuesday Blitz"]
[Site "Chess.com"]
[Date "2020.06.23"]
[Round "2"]
[White "Mikhail_Golubev"]
[Black "kirillshevchenko"]
[Result "1/2-1/2"]
[WhiteElo "2601"]
[BlackElo "2929"]
[TimeControl "180+1"]
[EndTime "10:19:19 PDT"]
[Termination "Game drawn by agreement"]

1. e4 c6 2. d4 d5 3. Nc3 dxe4 4. Nxe4 Nf6 5. Nxf6+ exf6 6. c3 Bd6 7. Bd3 O-O 8. Ne2 Re8 9. Qc2 h5 10. Be3 h4 11. h3 Nd7 12. O-O-O b5 13. d5 cxd5 14.
Bh7+ Kf8 15. Rxd5 Nb6 16. Rh5 Re5 17. Bf5 Bxf5 18. Rh8+ Ke7 19. Rxd8 Bxc2 20. Rxa8 Nxa8 21. Kxc2 Nb6 22. Nd4 Kd7 23. Nf3 Rh5 24. Rd1 Nd5 25. Bxa7 Kc7 26. Nd4 Nf4 27. g4 hxg3 28. fxg3 Nxh3 29.
g4 Rd5 30. Rh1 Nf2 31. Rh7 Rg5 32. Nf5 Nxg4 33. Rxg7 Rxg7 34. Nxg7 Kc6 35. Nf5 Be5 36. b3 Kd5 37. a4 bxa4 38. bxa4 Kc4 39. a5 Kb5 40. Bb6 Nh2 41. Kd3 Nf3 42. c4+ Ka6 43.
c5 Kb5 44. Ne7 Ne1+ 45. Ke4 Nc2 46. c6 Nb4 47. c7 Bxc7 48. Bxc7 Nc6 49. Nxc6 Kxc6 50.
Bb6 f5+ 51. Kxf5 f6 52. Kxf6 Kb7 1/2-1/2

[Event "*** SCC Grand Prix: Titled Tuesday Blitz"]
[Site "Chess.com"]
[Date "2020.06.23"]
[Round "2"]
[White "OK97"]
[Black "doons21"]
[Result "1-0"]
[WhiteElo "2834"]
[BlackElo "2543"]
[TimeControl "180+1"]
[EndTime "10:19:19 PDT"]
[Termination "OK97 won on time"]

1. d4 Nf6 2. Nf3 g6 3. Bg5 Bg7 4. c3 O-O 5. Nbd2 d5 6. e3 Nc6 7. Be2 Re8 8. O-O e5 9. b4 h6 10. Bh4 e4 11. Ne1 Ne7 12. c4 c6 13. Bg3 Nh7 14. Nb3 Nf5 15. Rc1 Nxg3 16. hxg3 h5 17. b5 h4 18. g4 Qg5 19. bxc6 bxc6 20. Rc3 Nf6 21. f4 exf3 22. Nxf3 Qxg4 23. Ne5 Qg5 24.
Bf3 Ba6 25. Nc5 Bxc4 26. Nxc4 dxc4 27. Bxc6 Nd5 28. Qf3 Nxc3 29. Bxa8 Qxe3+ 30. Qxe3 Rxe3 31. Kh2 Bxd4 32. Na6 Be5+ 33. Kh1 Ne2 34. Rb1 Ng3+ 35. Kg1 c3 36. Nb4 Re2 37. Bf3 Bd4+ 38. Kh2 Rd2 39. Rc1 Be5 40. Kh3 f5 41. Nc6 Bf6 42. a4 Kg7 43. Nb4 Ne2 44. Rc2 Nf4+ 45. Kh2 Ne6 46.
Rc1 Nc5 47. Nd5 Nb3 48. Rb1 1-0

[Event "*** SCC Grand Prix: Titled Tuesday Blitz"]
[Site "Chess.com"]
[Date "2020.06.23"]
[Round "2"]
[White "Baby_Legs"]
[Black "Chuchofrio1"]
[Result "1-0"]
[WhiteElo "2625"]
[BlackElo "2226"]
[TimeControl "180+1"]
[EndTime "10:19:19 PDT"]
[Termination "Baby_Legs won by resignation"]

1. d4 Nf6 2. c4 e6 3. Nc3 Bb4 4.
Qc2 b6 5. e4 c5 6. d5 Qe7 7.
Ne2 d6 8. Bd2 exd5 9. exd5 O-O 10.
O-O-O Ng4 11. Be1 Nd7 12. h3 Nge5 13. Ng3 Nf6 14. a3 Ba5 15. Kb1 Bd7 16. Bd2 b5 17.
cxb5 Rab8 18. Nf5 Bxf5 19. Qxf5 c4 20. f4 Nd3 21. Bxd3 cxd3 22. Rhe1 Qc7 23. Qxd3 Rfc8 24.
Rc1 Bb6 25. Ne4 Qd8 26. Nxf6+ Qxf6 27. Rxc8+ Rxc8 28. Qe4 h6 29. Bc3 Qh4 30. Re2 Qg3 31. Qf3 Qg6+ 32. f5 Qg5 33. Qe4 Qg3 34. Qf3 Qg5 35. a4 f6 36. Qg4 Rc5 37. Qxg5 hxg5 38. Rd2 Rc4 39. a5 Be3 40. Rd3 Bf4 41. Ka2 Rc5 42.
b4 Rxb5 43. Kb3 Rb7 44. Bd4 Kf7 45. a6 Rd7 46. b5 Bg3 47. b6 axb6 48. Bxb6 Be5 49.
a7 Bd4 50. Rxd4 Rb7 51. a8=Q Rxb6+ 52. Rb4 Ra6 53. Qxa6 1-0

[Event "*** SCC Grand Prix: Titled Tuesday Blitz"]
[Site "Chess.com"]
[Date "2020.06.23"]
[Round "2"]
[White "chessmaugli"]
[Black "Borsuk_Konstantin"]
[Result "0-1"]
[WhiteElo "2316"]
[BlackElo "2589"]
[TimeControl "180+1"]
[EndTime "10:19:20 PDT"]
[Termination "Borsuk_Konstantin won on time"]

1. e4 e6 2. d4 d5 3. Nd2 Nf6 4. Bd3 Be7 5. Ngf3 c5 6. c3 cxd4 7.
cxd4 dxe4 8. Nxe4 Nc6 9. Nc3 Nb4 10. Bb1 O-O 11. a3 Nbd5 12. Ne5 g6 13. O-O Qc7 14. Nxd5 Nxd5 15. Ba2 Rd8 16. Qf3 f6 17.
Ng4 f5 18. Ne5 Bf6 19. Bf4 Nxf4 20. Qxf4 Qd6 21. Rad1 Kg7 22. Rfe1 a5 23. d5 g5 24.
Qe3 Qxe5 25. Qxe5 Bxe5 26. Rxe5 Ra6 27. Rc1 exd5 28. Re7+ Kg6 29. f4 gxf4 30. Rcc7 Be6 31. Rxb7 h5 32. Kf2 Kf6 33. Rh7 Ke5 34. Rhc7 h4 35.
Ke2 Rg8 36. Kf2 Rd6 37. Rc1 Kf6 38. Re1 Rgd8 39. Rb5 d4 40. Bxe6 Rxe6 41. Rxe6+ Kxe6 42. Ke2 Rg8 43. Kf2 Rd8 44. Ke2 Kf6 45. Rxa5 h3 46. gxh3 Rh8 47. Kd3 Rxh3+ 0-1

[Event "*** SCC Grand Prix: Titled Tuesday Blitz"]
[Site "Chess.com"]
[Date "2020.06.23"]
[Round "2"]
[White "Vandros57"]
[Black "doctorcristian"]
[Result "0-1"]
[WhiteElo "2194"]
[BlackElo "2431"]
[TimeControl "180+1"]
[EndTime "10:19:20 PDT"]
[Termination "doctorcristian won on time"]

1. d4 d5 2. Nf3 Nf6 3. c4 dxc4 4. e3 g6 5. Bxc4 Bg7 6. O-O O-O 7. Nc3 Nfd7 8. h3 Nb6 9. Bb3 Nc6 10. Bd2 e5 11. dxe5 Qe7 12. Qe2 Nxe5 13. Nxe5 Bxe5 14. f4 Bg7 15. e4 Be6 16. f5 Bxb3 17. axb3 Be5 18. Qg4 Rfd8 19. Bg5 Bf6 20. Bxf6 Qxf6 21. fxg6 Qd4+ 22.
Kh1 hxg6 23. Rf3 c6 24. Raf1 Rf8 25. Ne2 Qxb2 26. Nf4 Qg7 27. h4 Rae8 28. Nh3 Nc8 29. Ng5 Nd6 30. Rf4 Re7 31. Rf6 Ne8 32. R6f4 Nc7 33. Rf6 Ne8 34. R6f4 a5 35. R4f3 b5 36. Rh3 Nf6 37. Qf4 Nh5 38. Qg4 Rfe8 39. Rd3 f6 40.
Nf3 Rxe4 41. Qh3 Nf4 42. Rd7 Nxh3 43. Rxg7+ Kxg7 44. gxh3 Re3 45. Kg2 Rxb3 46. Rc1 Re2+ 47. Kg3 Ree3 48. Rxc6 Rxf3+ 49. Kg4 Rg3+ 50. Kf4 Rbf3+ 51. Ke4 a4 52. Rc7+ Kh6 53. h5 gxh5 54.
h4 a3 55. Rf7 b4 0-1

[Event "*** SCC Grand Prix: Titled Tuesday Blitz"]
[Site "Chess.com"]
[Date "2020.06.23"]
[Round "2"]
[White "Piotrek1979"]
[Black "Sam_ChessMood"]
[Result "0-1"]
[WhiteElo "2345"]
[BlackElo "2812"]
[TimeControl "180+1"]
[EndTime "10:19:21 PDT"]
[Termination "Sam_ChessMood won by resignation"]

1. Nf3 d5 2. g3 Nd7 3. Bg2 e5 4. d3 Ngf6 5. O-O Bd6 6. c4 c6 7. Nbd2 O-O 8. e3 Re8 9. b3 a5 10. Bb2 b6 11. cxd5 cxd5 12. Rc1 Ba6 13. Nb1 Nc5 14.
d4 Nd3 15. dxe5 Nxb2 16. Qd2 Bxf1 17. Bxf1 Bxe5 18. Nxe5 Rxe5 19. Qxb2 Qe7 20. Nd2 Ne4 21. Nf3 Rf5 22. Bg2 h5 23. Rc2 Rf6 24. Qc1 Nc5 25. Nd4 Rd8 26. Qd2 h4 27. a3 Qd7 28. b4 axb4 29. axb4 Ne4 30. Qe1 h3 31. Bf1 Ng5 32.
Qd1 Ra8 33. Qh5 Ne4 34. Qxh3 Qxh3 35. Bxh3 g6 36. Kg2 Kg7 37. Bd7 Ra1 38. h4 Rd6 39.
Bc6 Nf6 40. b5 Rd8 41. Kf3 Ra3 42. Kg2 Ng8 43. Rd2 Ne7 44. Bb7 Kf6 45. Nc6 Rd7 46. Nxe7 Kxe7 47. Bxd5 Ra5 48. e4 Rxb5 49. Rc2 Rb4 50.
Kf3 b5 51. Rc6 Rb2 52. Ke3 b4 53. Rb6 Rc7 54. f3 b3 55. e5 Rb1 56. Bxb3 Rc3+ 57.
Kd4 Rcxb3 0-1

[Event "*** SCC Grand Prix: Titled Tuesday Blitz"]
[Site "Chess.com"]
[Date "2020.06.23"]
[Round "2"]
[White "Chepaschess"]
[Black "Paladin61"]
[Result "1-0"]
[WhiteElo "2816"]
[BlackElo "2539"]
[TimeControl "180+1"]
[EndTime "10:19:23 PDT"]
[Termination "Chepaschess won by resignation"]

1. e4 c5 2. Nf3 d6 3. Bb5+ Nd7 4. a4 Nf6 5. Nc3 g6 6. O-O Bg7 7. a5 a6 8. Bc4 O-O 9. Re1 Ng4 10. d3 Nde5 11.
Nxe5 Nxe5 12. Bg5 h6 13. Be3 b5 14. axb6 Nxc4 15. dxc4 Qxb6 16. Nd5 Qb7 17. Ra3 Be6 18. Rb3 Qa7 19. Qd2 Kh7 20. Qa5 Rab8 21. Rxb8 Rxb8 22. b3 Qb7 23. h4 Bxd5 24. exd5 Qb4 25. Bd2 Qxa5 26. Bxa5 Bf6 27. g3 h5 28. Kg2 Kg8 29. Kf3 Kf8 30. Ke4 Ke8 31. Kd3 Kd7 32. Bc3 Bxc3 33.
Kxc3 a5 34. Ra1 Ra8 35. Kb2 e5 36. dxe6+ fxe6 37. f4 Kc6 38. Kc3 Kc7 39. Re1 Kd7 40. Kb2 a4 41. Ra1 Kc7 42. bxa4 Kb6 43. Kc3 Ka5 44.
Rb1 Ka6 45. a5 Rd8 46. Rb5 Rd7 47. Kb3 Rb7 48. Ka4 Rd7 49. Rb6+ Ka7 50. Kb5 Rb7 51. Kc6 Rf7 52. Kxd6 Rf5 53. Kxe6 Rf8 54. Rc6 Re8+ 55. Kf6 Re3 56. Kxg6 Rxg3+ 57. Kxh5 Rc3 58. Rxc5 Rxc2 59. f5 1-0

[Event "*** SCC Grand Prix: Titled Tuesday Blitz"]
[Site "Chess.com"]
[Date "2020.06.23"]
[Round "2"]
[White "kidagent"]
[Black "Kostya26"]
[Result "1-0"]
[WhiteElo "2209"]
[BlackElo "2407"]
[TimeControl "180+1"]
[EndTime "10:19:23 PDT"]
[Termination "kidagent won by checkmate"]

1. e4 c5 2. Nf3 Nc6 3. d4 cxd4 4.
Nxd4 e5 5. Nb5 d6 6. N1c3 a6 7.
Na3 b5 8. Nd5 Nce7 9. c4 Nxd5 10.
Qxd5 Be6 11. Qc6+ Bd7 12. Qb7 b4 13. Nc2 a5 14. Be3 Nf6 15. Bd3 Rb8 16. Qa7 Bc6 17.
Bg5 Be7 18. O-O O-O 19. Qe3 Qd7 20. f3 h6 21. Bh4 g5 22. Bf2 Nh5 23. g3 Ng7 24.
Rfd1 f5 25. exf5 Nxf5 26. Qe2 Qe6 27. Be4 Rbc8 28. b3 Qf6 29. Bxc6 Rxc6 30. Kg2 h5 31. Ne3 h4 32. Ng4 Qg7 33. Qe4 Rcc8 34. Rd5 hxg3 35.
hxg3 Rcd8 36. Rad1 Nh6 37. Rxa5 Nxg4 38. Qxg4 Rf6 39. Ra7 Rdf8 40. f4 exf4 41. gxf4 Rxf4 42. Qe6+ R8f7 43. Bg3 Rf6 44. Qc8+ Kh7 45. Rh1+ Kg6 46. Qc6 Rf5 47. Qe4 Qb2+ 48. Kh3 Qh8+ 49. Kg2 Qb2+ 50.
Kh3 Rh7+ 51. Kg4 Qf6 52. Rxh7 Qc3 53. Qxf5# 1-0

[Event "*** SCC Grand Prix: Titled Tuesday Blitz"]
[Site "Chess.com"]
[Date "2020.06.23"]
[Round "2"]
[White "Antipov_Mikhail_Al"]
[Black "NormWeinstein"]
[Result "1-0"]
[WhiteElo "2808"]
[BlackElo "2533"]
[TimeControl "180+1"]
[EndTime "10:19:24 PDT"]
[Termination "Antipov_Mikhail_Al won on time"]

1. e4 c5 2. Nf3 d6 3. d4 Nf6 4. Bb5+ Bd7 5. a4 cxd4 6. O-O e6 7. Re1 Be7 8. Qxd4 O-O 9. e5 dxe5 10.
Nxe5 a6 11. Bd3 Nc6 12. Qh4 Nxe5 13. Rxe5 g6 14. Nc3 Re8 15. Bg5 Nh5 16. Bxe7 Qxe7 17. Qxe7 Rxe7 18. Nd5 Ree8 19. Nc7 Nf4 20. Be4 f6 21.
Rc5 f5 22. Bxb7 Rab8 23. Nxe8 Rxb7 24. Nf6+ Kf7 25. Nxd7 Rxd7 26. g3 Nh3+ 27. Kg2 Ng5 28. Re1 Rd2 29. b4 Ne4 30. Rxe4 fxe4 31. Kf1 e3 32. fxe3 Rxh2 33. b5 axb5 34. axb5 Ke7 35. e4 Kd6 36. Rc8 Ke5 37. b6 Rh1+ 38. Kg2 Rb1 39. Rc6 Kxe4 40. c4 e5 41. Rd6 Ke3 42. c5 e4 43. Rd7 Rb2+ 44. Kh3 h5 45. b7 g5 46. c6 Kf3 47. Rf7+ Ke3 48. Rf5 g4+ 49. Kh4 Rh2+ 50. Kg5 h4 51. b8=Q 1-0

[Event "*** SCC Grand Prix: Titled Tuesday Blitz"]
[Site "Chess.com"]
[Date "2020.06.23"]
[Round "2"]
[White "nrvisakh"]
[Black "DenishevM"]
[Result "1-0"]
[WhiteElo "2793"]
[BlackElo "2520"]
[TimeControl "180+1"]
[EndTime "10:19:24 PDT"]
[Termination "nrvisakh won on time"]

1. d4 Nf6 2. c4 c5 3. d5 b5 4. cxb5 a6 5. e3 axb5 6. Bxb5 e6 7. dxe6 fxe6 8. Nf3 Be7 9. Nc3 O-O 10. e4 d5 11.
exd5 exd5 12. O-O d4 13. Ne2 Bg4 14. Ng3 Bd6 15. Re1 Nbd7 16. Be2 Kh8 17. Nxd4 Bxg3 18. hxg3 cxd4 19. Bxg4 Qb6 20. Bf3 Rae8 21. b3 Ne5 22. Bb2 Nxf3+ 23. gxf3 Rd8 24. Qd3 Rf7 25. Rad1 Rfd7 26.
Rd2 h6 27. Red1 Qa7 28. a3 Qb7 29. b4 Rd5 30. Kg2 Rh5 31. Rh1 Rhd5 32. Qg6 R5d6 33. Qf5 Kg8 34. Rhd1 Qb6 35. Qf4 Rd5 36. Rxd4 g5 37.
Qe3 Re8 38. Qd3 Rxd4 39. Qg6+ Kf8 40. Bxd4 1-0

[Event "*** SCC Grand Prix: Titled Tuesday Blitz"]
[Site "Chess.com"]
[Date "2020.06.23"]
[Round "2"]
[White "Anastasia_Nesytova"]
[Black "Philosopherrr"]
[Result "0-1"]
[WhiteElo "2301"]
[BlackElo "2489"]
[TimeControl "180+1"]
[EndTime "10:19:24 PDT"]
[Termination "Philosopherrr won by checkmate"]

1. d4 Nf6 2. c4 e6 3. Nf3 c5 4.
d5 exd5 5. cxd5 d6 6. Nc3 g6 7.
Nd2 Bg7 8. e4 O-O 9. Be2 Nbd7 10. O-O Re8 11. Re1 a6 12. a4 Ne5 13. h3 g5 14. Nf1 h6 15. Ng3 Ng6 16. Bf1 Rb8 17. Bd2 Bd7 18. a5 b5 19. axb6 Rxb6 20. Rxa6 Rxb2 21.
Rxd6 Qb8 22. Ra6 g4 23. Na4 Bxa4 24. Rxa4 gxh3 25. gxh3 Nh4 26. Bc3 Rb3 27. Bxf6 Rxg3+ 28. fxg3 Qxg3+ 29. Kh1 Nf3 30. Qxf3 Qxf3+ 31. Bg2 Qg3 32. Rf1 Bxf6 33. Rxf6 Rb8 34. Ra1 Rb2 35. Rg1 Qe5 36. Rf3 Kf8 37. Rf5 Qg3 38. Rf6 c4 39. Rc6 c3 40. d6 Rd2 41. e5 Qxe5 42. Rc8+ Kg7 43. d7 Qe7 44. Ba8+ Kf6 45. Rc6+ Kf5 46. Rf1+ Kg5 47. Rg1+ Kh4 48. Rxc3 Qe2 49. Rg4+ Qxg4 50. hxg4 Rxd7 51. Bc6 Rd2 52. Rc4 f6 53. Bf3 Kg3 54. Bc6 Rd1# 0-1

[Event "*** SCC Grand Prix: Titled Tuesday Blitz"]
[Site "Chess.com"]
[Date "2020.06.23"]
[Round "2"]
[White "Irishchessman16"]
[Black "Bastiandash"]
[Result "1-0"]
[WhiteElo "2447"]
[BlackElo "2212"]
[TimeControl "180+1"]
[EndTime "10:19:24 PDT"]
[Termination "Irishchessman16 won by resignation"]

1. e4 c5 2. Nf3 e6 3. d4 cxd4 4.
Nxd4 a6 5. Nc3 b5 6. Bd3 Qb6 7. Be3 Bc5 8. Nce2 Nc6 9. c3 b4 10. O-O Nf6 11. h3 Bb7 12. Nxc6 Bxe3 13. Nxb4 Bc5 14.
e5 Bxb4 15. exf6 Bc5 16. b4 Bd6 17. fxg7 Rg8 18. Qc2 Rxg7 19. Be4 Rc8 20. Rad1 Be5 21. Kh1 d5 22. Bf3 d4 23. Bxb7 Qxb7 24. f3 dxc3 25.
Qa4+ Qc6 26. Qxc6+ Rxc6 27. Rc1 Ke7 28. Rc2 Rg8 29. Rfc1 Rgc8 30. f4 Bf6 31. g3 Rc4 32. a3 a5 33. Kg2 axb4 34. axb4 Rxb4 35. Kf3 Rb2 36. Ke3 e5 37. Kd3 exf4 38. Nxf4 Rd8+ 39. Ke4 Rb4+ 40. Kf5 Rb5+ 41. Kg4 Rd4 42. Kf3 Rc4 43. Re1+ Kf8 44. Rd1 Rb2 45. Rdc1 Be5 46. Nd3 Rxc2 47.
Rxc2 Bf6 48. Nf4 Kg7 49. Nh5+ Kg6 50. Nf4+ Kf5 51. Nd5 Be5 52. Ne3+ Ke6 53. Nxc4 Kd5 1-0

[Event "*** SCC Grand Prix: Titled Tuesday Blitz"]
[Site "Chess.com"]
[Date "2020.06.23"]
[Round "2"]
[White "Kopytkin"]
[Black "attack2mateU"]
[Result "0-1"]
[WhiteElo "2396"]
[BlackElo "2663"]
[TimeControl "180+1"]
[EndTime "10:19:26 PDT"]
[Termination "attack2mateU won on time"]

1. e4 c5 2. d4 cxd4 3. c3 Nf6 4. e5 Nd5 5. Nf3 Nc6 6. Bc4 Nb6 7. Bb3 d5 8. exd6 Qxd6 9. cxd4 Be6 10. O-O Bxb3 11.
Qxb3 e6 12. Nc3 Be7 13. Be3 O-O 14. Rfd1 Rfd8 15. Rac1 Na5 16. Qb5 Nac4 17. Ne5 Qb4 18. Qxb4 Bxb4 19. Nxc4 Nxc4 20. Na4 b5 21. Bf4 Rac8 22. b3 Ba3 23. Rc2 e5 24. bxc4 exf4 25. Nb2 Bxb2 26. Rxb2 bxc4 27. Rc2 g5 28. Kf1 Rd5 29.
Ke2 g4 30. Rc3 Kg7 31. g3 f3+ 32. Ke3 Kg6 33. Ke4 Ra5 34. d5 f5+ 35. Kd4 Rxd5+ 36.
Kxd5 Rd8+ 37. Kxc4 Rxd1 38. Rc2 Rh1 39. Kd3 Rxh2 40.
Ke3 Kg5 41. Rb2 Rh1 42. a4 Re1+ 43. Kd3 h5 44. a5 Ra1 45. Rb5 Ra2 46. Ke3 Re2+ 47.
Kd3 Rxf2 48. Rb7 Ra2 49. Rg7+ Kf6 50. Rc7 f2 51. Rc1 Rxa5 52. Ke3 Ra2 53. Kf4 Ra4+ 54. Ke3 Ra2 55. Kf4 Ke6 0-1

[Event "*** SCC Grand Prix: Titled Tuesday Blitz"]
[Site "Chess.com"]
[Date "2020.06.23"]
[Round "2"]
[White "WPWPWP-2015"]
[Black "arvielozano"]
[Result "1-0"]
[WhiteElo "2351"]
[BlackElo "1650"]
[TimeControl "180+1"]
[EndTime "10:19:27 PDT"]
[Termination "WPWPWP-2015 won on time"]

1. d4 g6 2. e4 Bg7 3. Nc3 Bf8 4. f4 Bg7 5. Nf3 e6 6. h4 h5 7. Bd3 Nf6 8. e5 Ng4 9. Ng5 d5 10. Ne2 c5 11. c3 cxd4 12. cxd4 Nc6 13. Bd2 Qb6 14. Bc3 Bd7 15. Rh3 a6 16. Qb3 Qc7 17. Rc1 O-O 18. Bb4 Rfe8 19. Bd6 Qa5+ 20. Qc3 Qxa2 21.
Qc2 Rac8 22. Qd2 Na5 23. Bxg6 fxg6 24. Ra3 Rxc1+ 25. Qxc1 Qc4 26. Rxa5 Rc8 27. Qxc4 Rxc4 28. Kd2 Bf8 29. Rc5 Bxd6 30. exd6 Rxc5 31. dxc5 Kf8 32.
Nd4 Nf2 33. Ke2 Ne4 34. Nxe4 dxe4 35. Ke3 Kf7 36. Kxe4 Kf6 37. b4 Ba4 38. g3 Bd7 39. Ke3 Ba4 40. Nf3 Bd7 41. Ne5 Ba4 42. Ke4 Bb5 43. d7 Ke7 44. Nxg6+ Kxd7 45. Ne5+ Ke7 46. Kd4 Be2 47. Ke3 Bb5 48. Nf3 Kd7 49. Nd4 1-0

[Event "*** SCC Grand Prix: Titled Tuesday Blitz"]
[Site "Chess.com"]
[Date "2020.06.23"]
[Round "2"]
[White "gilbert_gm"]
[Black "peixe64"]
[Result "1-0"]
[WhiteElo "2655"]
[BlackElo "2352"]
[TimeControl "180+1"]
[EndTime "10:19:30 PDT"]
[Termination "gilbert_gm won by checkmate"]

1. e4 e5 2. Nc3 Nf6 3. Bc4 c6 4. Nf3 d5 5. Bb3 Bd6 6. exd5 O-O 7. dxc6 e4 8. cxb7 Bxb7 9. Ng5 h6 10. h4 Nc6 11.
Ngxe4 Nxe4 12. Nxe4 Re8 13. d3 Nd4 14. Be3 Nf5 15. Qd2 a5 16. a3 Qe7 17. O-O-O Bxa3 18. Kb1 a4 19. Bc4 Rab8 20. b3 Bxe4 21. dxe4 Qxe4 22. Qd5 Nxe3 23. fxe3 axb3 24. Qxe4 Rxe4 25. Bxb3 Rxe3 26. Rhf1 Re7 27. Rd3 Kf8 28. Rdf3 f6 29. g4 Rb6 30.
Rf5 Bb4 31. Kb2 Rc7 32. R1f3 Rbc6 33. Rd3 Bc3+ 34. Kc1 Ra7 35. Kd1 Ra1+ 36. Ke2 Rc7 37. Rd8+ Ke7 38. Rd1 Ke8 39. Rxa1 Bxa1 40. Ra5 Re7+ 41.
Kd3 Be5 42. Ra8+ Kd7 43. Ra7+ Kd6 44. Ra6+ Kd7 45. h5 Ke8 46. Ra8+ Kd7 47. Ba4+ Kc7 48.
Rg8 Kd6 49. Bb3 Rc7 50. c4 Rd7 51. Ba4 Rc7 52. Rd8+ Ke7 53. Re8+ Kf7 54. Ra8 Re7 55. c5 Rc7 56. c6 Ke7 57. Kc4 Kd6 58. Bb5 Ke7 59.
Kd5 Kf7 60. Bd3 Ke7 61. Bg6 Bd6 62. Re8# 1-0